 Dungeon Crawl Stone Soup version 0.28-a0-1206-g193881aaa2 (webtiles) character file.

Game seed: 2194955714320329282

33 mcbry74 the Skirmisher (level 3, 0/34 HPs)
             Began as a Hill Orc Fighter on Dec 20, 2021.
             Slain by an orc (4 damage)
             ... on level 2 of the Dungeon.
             The game lasted 00:02:53 (822 turns).

mcbry74 the Skirmisher (Hill Orc Fighter)            Turns: 822, Time: 00:02:54

Health: 0/34       AC:  6    Str: 20    XL:     3   Next: 29%
Magic:  3/3        EV:  9    Int:  8    God:
Gold:   33         SH:  0    Dex: 10    Spells: 2/2 levels left

rFire   . . .      SeeInvis .   a - +0 war axe
rCold   . . .      Faith    .   c - +0 buckler
rNeg    . . .      Spirit   .   b - +0 scale mail
rPois   .          Reflect  .   (no helmet)
rElec   .          Harm     .   (no cloak)
rCorr   .          Rampage  .   (no gloves)
Will    .....                   (no boots)
Stlth   ..........              (no amulet)
HPRegen 0.11/turn               (no ring)
MPRegen 0.08/turn               (no ring)

@: confused
A: no striking features
a: no special abilities


You were on level 2 of the Dungeon.
You visited 1 branch of the dungeon, and saw 2 of its levels.

You collected 33 gold pieces.

Inventory:

Hand Weapons
 a - a +0 war axe (weapon)
 e - a +0 spear
 l - a +0 dire flail
Missiles
 n - 16 stones (quivered)
 o - 24 arrows
Armour
 b - a +0 scale mail (worn)
 c - a +0 buckler (worn)
Jewellery
 k - a ring of poison resistance
Scrolls
 f - a scroll of vulnerability {unknown}
 i - a scroll of magic mapping {unknown}
 j - a scroll of blinking {unknown}
 m - a scroll of acquirement {unknown}
Potions
 d - a potion of might
 g - a potion of cancellation {unknown}
 h - 2 potions of resistance {unknown}


   Skills:
 * Level 4.5 Fighting
 - Level 2.6 Axes
 + Level 3.6 Armour
 + Level 3.6 Shields


You had 2 spell levels left.
You didn't know any spells.
Your spell library contained the following spells:

 Spells                   Type           Power      Damage    Failure   Level
 Freeze                   Ice            0%         1d3       77%         1
 Dazzling Flash           Conj/Hex       0%         N/A       98%         3
 Frozen Ramparts          Ice            0%         1d2       98%         3
 Hailstorm                Conj/Ice       0%         3d3       100%        4
 Iskenderun's Mystic Bla  Conj/Tloc      0%         2d3       100%        4
 Starburst                Conj/Fire      0%         6d3       100%        6


Dungeon Overview and Level Annotations

Branches:
Dungeon (2/15)

Altars:
Elyvilon


Message History

Something hits you but does no damage. The orc barely misses you.
You miss something. You barely miss the orc.
Something hits you but does no damage. The orc barely misses you.
Something hits you but does no damage. The orc hits you but does no damage.
You hit something. You barely miss the orc.
You hear some strange, mumbled words.
You are confused.
The orc hits you but does no damage.
You bump into the rock wall.
Something hits you but does no damage. The orc barely misses you.
You completely miss something. You miss the orc.
You hear some strange, mumbled words.
You are more confused.
The orc hits you but does no damage. The orc barely misses you.
Something hits you but does no damage.
Things that are here:
a +0 whip; a +0 leather armour You bump into the rock wall.
The orc closely misses you. Something hits you but does no damage.
You closely miss something. You miss the orc. The orc hits you with a +0 mace.
You hear some strange, mumbled words.
You are more confused.
Something hits you. The orc hits you with a +0 mace.
Something hits you but does no damage.
You bump into the rock wall.
Something hits you but does no damage. The orc barely misses you.
You completely miss something. You closely miss the orc.
The orc hits you but does no damage. Something hits you.
You bump into the rock wall.
The orc hits you but does no damage. Something hits you.
You barely miss the orc. You miss something.
The orc hits you but does no damage. Something hits you.
* * * LOW HITPOINT WARNING * * *
The orc misses you. Something hits you.
* * * LOW HITPOINT WARNING * * *
You barely miss something. You hit the orc. Something hits you.
* * * LOW HITPOINT WARNING * * *
The orc hits you but does no damage.
You bump into the rock wall.
The orc hits you with a +0 mace.
You die...

...# ...##..# ##.#
......)# #.# #......#
#.# #..._..# ##.##
##......# ....#
#.......# ##..#
#.####### #..# #.###
##..# #.#@##
....##########K{o.####
.....................+
....#######.##....####
.#..# #.##.#..# ....#
#.##.##.# .#### #.##.#
.# .# #.##.# .# .#
#..... .#


You could see an orc and a kobold.

Vanquished Creatures
  An orc (D:2)
  3 ball pythons
  An endoplasm (D:1)
  4 goblins
  3 hobgoblins (D:1)
  4 jackals (D:1)
  A quokka (D:1)
  2 bats (D:1)
  4 frilled lizards
  2 kobolds
  4 rats
29 creatures vanquished.

Notes
Turn   | Place    | Note
-------+----------+-------------------------------------------
     0 | D:1      | mcbry74 the Hill Orc Fighter began the quest for the Orb.
     0 | D:1      | Reached XP level 1. HP: 19/19 MP: 1/1
    81 | D:1      | Reached skill level 4 in Fighting
    81 | D:1      | Reached XP level 2. HP: 27/27 MP: 2/2
   566 | D:1      | Reached XP level 3. HP: 31/34 MP: 3/3
   789 | D:2      | Found a white marble altar of Elyvilon.
   822 | D:2      | Slain by an orc

Illustrated notes

Levels and vault maps discovered:
D:1:      tarquinn_simple_flora_water_e, layout_rooms, minivault_23,
          serial_park_tiny_1
D:2:      layout_loops_corners, basic_altar, chequers_serial_rivers_marsh

Skill      XL: |  1 |
---------------+----+-----
Fighting       | 4 |  4.5
Axes           | |  2.6
Armour         | |  3.6
Shields        | |  3.6

Action                   || total
-------------------------++-------
Melee: War axe           ||    75
Armor: Scale mail        ||    43
Dodge: Dodged            ||    41
Block: Buckler           ||    22

Table legend: (Time is in decaauts)
 A = Elapsed time spent in this place.
 B = Non-inter-level travel time spent in this place.
 C = Inter-level travel time spent in this place.
 D = Time resting spent in this place.
 E = Time spent auto-exploring this place.
 F = Levels seen in this place.
 G = Mean time per level.
                   A        B        C        D        E       F      G
               +--------+--------+--------+--------+--------+-----+--------+
         Total |    849 |    842 |      7 |    114 |    451 |   2 |  424.5 |
       Dungeon |    849 |    842 |      7 |    114 |    451 |   2 |  424.5 |
               +--------+--------+--------+--------+--------+-----+--------+

Top non-repeatable levels by time:
     D:1: 615 daAuts
     D:2: 234 daAuts
